AoeStats
← denveurs61

Yucatan

503117048Analyzed
4v4 RM · 1mo ago on Aug 30, 2026· 46m 25s· 8 players
Game mode
Random Map
Map size
Large (8 player)
Population
200
Speed
Normal
Resources
Standard
Victory
Conquest
Starting age
Dark Age
Ending age
Imperial Age
RankedLock teamsTeams togetherTeam positionsShared explorationLock speedFull tech treeHidden civsTurbo modeCheats
Victory
Defeat
🇰🇬 Hindustanis · Kyrgyzstan
1141
+10
🇨🇳 Bohemians · China
1127
+10
1058
+13
🇻🇳 Franks · Vietnam
1026
+15
🇫🇮 Hindustanis · Finland
1022
-13
🇫🇮 Britons · Finland
995
-12
🇫🇷 Magyars · France
990
-12
🇫🇷 Franks · France
971
-11
打帝国需要戴老花镜
8:05 Loom
10:58 Feudal Age
14:05 Town Watch
14:48 Bloodlines
15:16 Horse Collar
19:31 Castle Age
19:11 Scale Barding Armor
19:02 Gold Mining
20:46 Double-Bit Axe
22:16 Wheelbarrow
31:42 Fletching
34:47 Thumb Ring
36:28 Bodkin Arrow
39:40 Imperial Age
38:52 Corvinian Army
39:22 Ballistics
39:06 Padded Archer Armor
40:10 Masonry
40:18 Leather Archer Armor
40:23 Bracer
40:59 Conscription
40:42 Recurve Bow
42:33 Chemistry
42:00 Husbandry
42:33 Ring Archer Armor
42:29 Heavy Plow
44:49 Parthian Tactics
46:55 Hoardings
Daniel
12:11 Feudal Age
12:30 Loom
15:36 Castle Age
14:43 Forging
15:14 Gold Mining
22:10 Scale Barding Armor
23:20 Double-Bit Axe
28:34 Wheelbarrow
31:55 Imperial Age
32:09 Gold Shaft Mining
31:46 Bow Saw
32:04 Cavalier
34:10 Hand Cart
34:49 Chain Barding Armor
36:09 Paladin
37:51 Iron Casting
37:52 Plate Barding Armor
37:34 Husbandry
37:54 Town Watch
41:27 Blast Furnace
40:53 Squires
42:17 Chivalry
French Connection
10:28 Feudal Age
14:59 Castle Age
13:33 Double-Bit Axe
13:41 Gold Mining
13:55 Stone Mining
14:30 Loom
16:53 Wheelbarrow
22:23 Horse Collar
29:48 Imperial Age
28:09 Hand Cart
28:34 Fervor
28:39 Bow Saw
29:22 Gold Shaft Mining
29:51 Heavy Camel Rider
30:52 Bloodlines
30:42 Husbandry
31:52 Chemistry
31:09 Fletching
31:20 Padded Archer Armor
31:26 Scale Barding Armor
32:38 Stone Shaft Mining
32:16 Forging
32:49 Heavy Plow
32:46 Bodkin Arrow
35:16 Iron Casting
35:47 Shatagni
37:23 Grand Trunk Road
37:43 Conscription
38:18 Chain Barding Armor
38:14 Leather Archer Armor
37:59 Bracer
40:23 Plate Barding Armor
41:30 Two-Man Saw
41:02 Ring Archer Armor
41:12 Plate Barding Armor
45:15 Blast Furnace
45:01 Hoardings
45:08 Imperial Camel Rider
45:54 Murder Holes
46:09 Masonry
46:40 Scale Mail Armor
小花花
11:15 Feudal Age
15:35 Castle Age
17:02 Double-Bit Axe
17:01 Horse Collar
20:08 Bow Saw
23:20 Man-at-Arms
28:03 Loom
31:27 Imperial Age
29:35 Wheelbarrow
30:37 Forging
30:27 Scale Mail Armor
30:39 Wagenburg Tactics
31:15 Hand Cart
31:29 Squires
31:15 Arson
30:50 Pikeman
32:10 Iron Casting
32:40 Chemistry
32:01 Ballistics
33:15 Two-Man Saw
32:24 Heavy Plow
32:51 Chain Mail Armor
32:48 Halberdier
34:42 Blast Furnace
34:52 Plate Mail Armor
36:17 Conscription
36:23 Bombard Tower
36:51 Houfnice
37:40 Fletching
44:04 Coinage
Dukka
12:10 Feudal Age
16:13 Castle Age
14:30 Double-Bit Axe
15:25 Stone Mining
17:57 Bow Saw
18:23 Horse Collar
25:23 Heavy Plow
27:50 Forging
28:06 Gold Mining
30:29 Iron Casting
29:55 Scale Mail Armor
32:11 Chain Mail Armor
32:40 Gold Shaft Mining
35:44 Imperial Age
33:42 Squires
33:29 Arson
34:26 Wheelbarrow
35:47 Elite Ghulam
36:50 Conscription
38:19 Blast Furnace
36:49 Pikeman
38:51 Two-Man Saw
Tatu シ☆
12:32 Feudal Age
17:04 Castle Age
15:52 Loom
19:11 Horse Collar
19:18 Double-Bit Axe
21:39 Wheelbarrow
23:22 Squires
23:24 Pikeman
30:51 Bow Saw
32:12 Heavy Plow
32:43 Forging
33:28 Crossbowman
34:34 Arson
34:18 Elite Skirmisher
37:50 Imperial Age
36:59 Hand Cart
37:09 Ballistics
37:43 Padded Archer Armor
37:33 Fletching
38:10 Arbalester
denveurs61
10:40 Feudal Age
11:09 Double-Bit Axe
11:20 Town Watch
12:33 Wheelbarrow
12:01 Loom
13:45 Town Watch
20:09 Castle Age
19:43 Forging
19:34 Scale Mail Armor
19:40 Scale Barding Armor
20:56 Pikeman
22:58 Squires
24:02 Husbandry
24:56 Stone Mining
31:03 Hand Cart
36:02 Chain Barding Armor
35:42 Man-at-Arms
36:08 Gambesons
37:03 Bow Saw
40:07 #83
40:49 Iron Casting
40:30 Chain Mail Armor
40:57 Long Swordsman
42:04 Gold Mining
49:18 Imperial Age
funkmartin
9:36 Feudal Age
10:05 Double-Bit Axe
17:30 Loom
20:30 Castle Age
22:31 Pikeman
28:12 Horse Collar
30:51 Corvinian Army
33:47 Bow Saw
Connection lost

Rejoining the realm…

Still unreachable

The connection could not be restored.

Session expired

The server has moved on; the page needs a fresh start.